 Dungeon Crawl Stone Soup version 0.31-a0-1576-ga3383bade6 (webtiles) character file.

Game seed: 836053478708846057

109 Flugslaktarn the Apothecary (level 4, -2/27 HPs)
             Began as an Octopode Alchemist on Jan 4, 2024.
             Was an Initiate of Gozag.
             Slain by Ijyb
             ... wielding a +0 club
              (4 damage)
             ... on level 4 of the Dungeon.
             The game lasted 00:02:59 (897 turns).

Flugslaktarn the Apothecary (Octopode Alchemist)     Turns: 897, Time: 00:03:00

Health: -2/27      AC:  1    Str:  7    XL:     4   Next: 90%
Magic:  4/8        EV: 13    Int: 19    God:    Gozag
Gold:   293        SH:  0    Dex: 12    Spells: 0/9 levels left

rFire   . . .        h - +2 whip (freeze)
rCold   . . .        (no shield)
rNeg    . . .        (helmet restricted)
rPois   .            (no amulet)
rElec   .            (no ring)
rCorr   .            (no ring)
SInv    .            (no ring)
Will    .....        (no ring)
Stlth   +++          (no ring)
HPRegen 0.24/turn    (no ring)
MPRegen 0.11/turn    (no ring)
                     (no ring)

%: no passive effects
@: no status effects
A: almost no armour, amphibious, 8 rings, camouflage 1, gelatinous body 1,
(nimble swimmer 1), tentacles
a: Renounce Religion, Potion Petition, Call Merchant, Bribe Branch


You were on level 4 of the Dungeon.
You worshipped Gozag.
Gozag was aware of your devotion.
You visited 1 branch of the dungeon, and saw 4 of its levels.

You collected 293 gold pieces.

Inventory:

Hand Weapons
 h - a +2 whip of freezing (weapon)
   (You took it off a kobold on level 3 of the Dungeon)
Scrolls
 d - a scroll of noise
 g - a scroll of amnesia
 j - a scroll of vulnerability {unknown}
Potions
 a - a potion of magic
 b - a potion of brilliance {unknown}
 c - a potion of invisibility {unknown}
 e - a potion of enlightenment {unknown}
 f - a potion of resistance {unknown}
 i - 2 potions of heal wounds {unknown}
 k - a potion of curing {unknown}
 l - a potion of mutation {unknown}
 m - 2 potions of cancellation {unknown}


   Skills:
 - Level 2.0 Dodging
 - Level 2.6 Stealth
 + Level 3.0 Spellcasting
 - Level 1.0 Conjurations
 * Level 5.2 Alchemy


You couldn't memorise any spells.
You knew the following spells:

 Your Spells              Type           Power      Damage    Failure   Level
a - Sting                 Conj/Alch      56%        1d6       4%          1
b - Olgreb's Toxic Radia  Alch           22%        N/A       17%         4
c - Sticky Flame          Fire/Alch      12%        2d5       45%         4

Your spell library contained the following spells:

 Spells                   Type           Power      Damage    Failure   Level
 Mercury Vapours          Alch/Air       24%        N/A       8%          2
 Mephitic Cloud           Conj/Alch/Air  10%        N/A       19%         3


Dungeon Overview and Level Annotations

Branches:
Dungeon (4/15)
 Temple: D:4-7

Altars:
Gozag
Nemelex Xobeh

Annotations:
D:4 Ijyb


Innate Abilities, Weirdness & Mutations

You cannot wear most types of armour.
You are amphibious.
You can wear up to eight rings at the same time.
Your skin changes colour to match your surroundings (Stealth+).
Your rubbery body absorbs attacks. (AC +1, EV +1)
((You are camouflaged when in or above water. (Stealth+)))
You have tentacles for arms and can constrict up to eight enemies at once.


Message History

j - a scroll labelled JEGYLY ZIETOST
Found a stone staircase leading down.
There is an escape hatch in the floor here.
You slide downwards.
The hatch slams shut behind you.
Found 12 gold pieces and 9 stones.
Found a stone staircase leading up.
Unknown command.
You now have 274 gold pieces (gained 12).
A goblin comes into view. It is wielding a +0 club.
Found a bubbling golden potion.
A giant cockroach comes into view.
Found a dark potion.
Casting: Sting (safe; 4% risk of failure)
Confirm with . or Enter, or press ? or * to list all spells.
Aiming: Sting (safe; 4% risk of failure)
Press: ? - help, Shift-Dir - straight line, f - goblin
Aim: a goblin, wielding a +0 club (asleep, 100% to hit)
The sting hits the goblin.
The goblin is poisoned.
The goblin is moderately wounded.
The goblin shouts!
You kill the goblin!
You hit the giant cockroach. You freeze the giant cockroach.
You grab the giant cockroach. You squeeze the giant cockroach.
The giant cockroach is almost dead.
You constrict the giant cockroach.
You kill the giant cockroach!
No target in view!
No target in view!
k - a bubbling golden potion You now have 279 gold pieces (gained 5).
You now have 287 gold pieces (gained 8).
You see here a +0 club.
l - a dark potion This spell is extremely dangerous to cast!
You start memorising the spell.
You continue memorising. x4
You finish memorising.
Spell assigned to 'b'.
This spell is astonishingly dangerous to cast!
You start memorising the spell.
You continue memorising. x4
You finish memorising.
Spell assigned to 'c'.
Found 6 gold pieces.
Found a sapphire potion.
Ijyb and a dart slug come into view.
Ijyb is wielding a +0 club, wearing a +2 leather armour of cold resistance and carrying a wand of mindburst.
The dart slug launches a dart at you. The slug dart misses you.
The dart slug launches a dart at you. The slug dart misses you.
Casting: Sting (safe; 4% risk of failure)
Confirm with . or Enter, or press ? or * to list all spells.
Aiming: Sting (safe; 4% risk of failure)
Press: ? - help, Shift-Dir - straight line, f - dart slug
Aim: a dart slug (100% to hit)
The sting hits the dart slug.
The dart slug is poisoned.
The dart slug is heavily wounded.
Casting: Sting (safe; 4% risk of failure)
Confirm with . or Enter, or press ? or * to list all spells.
Aiming: Sting (safe; 4% risk of failure)
Press: ? - help, Shift-Dir - straight line, f/p - dart slug
Aim: a dart slug (severely wounded, poisoned, 100% to hit)
The sting hits the dart slug.
The dart slug looks even sicker.
You kill the dart slug!
Casting: Sting (safe; 4% risk of failure)
Confirm with . or Enter, or press ? or * to list all spells.
You can't see any susceptible monsters within range! (Use Z to cast anyway.)
You now have 293 gold pieces (gained 6).
Ijyb shouts!
You hit Ijyb but do no damage. Your grab misses Ijyb. Ijyb closely misses you.
Casting: Sting (safe; 4% risk of failure)
Confirm with . or Enter, or press ? or * to list all spells.
Aiming: Sting (safe; 4% risk of failure)
Press: ? - help, Shift-Dir - straight line, f - Ijyb
Aim: Ijyb, wielding a +0 club, wearing a +2 leather armour of cold resistance and carrying a wand of mindburst (64% to hit)
The sting misses Ijyb.
Ijyb zaps a wand.
Your mind is blasted!
Ouch! That really hurt!
* * * LOW HITPOINT WARNING * * *
You aren't carrying any items that you can evoke.
Unknown command.
Okay, then.
Casting: Sting (safe; 4% risk of failure)
Confirm with . or Enter, or press ? or * to list all spells.
Aiming: Sting (safe; 4% risk of failure)
Press: ? - help, Shift-Dir - straight line, f/p - Ijyb
Aim: Ijyb, wielding a +0 club, wearing a +2 leather armour of cold resistance and carrying a wand of mindburst (64% to hit)
The sting hits Ijyb.
Ijyb is poisoned.
Ijyb is lightly wounded.
Ijyb hits you with a +0 club.
* * * LOW HITPOINT WARNING * * *
You closely miss Ijyb. You grab Ijyb.
Ijyb is lightly wounded.
You constrict Ijyb, but do no damage. Ijyb hits you with a +0 club.
* * * LOW HITPOINT WARNING * * *
Casting: Sting (safe; 4% risk of failure)
Confirm with . or Enter, or press ? or * to list all spells.
Aiming: Sting (safe; 4% risk of failure)
Press: ? - help, Shift-Dir - straight line, f/p - Ijyb
Aim: Ijyb, wielding a +0 club, wearing a +2 leather armour of cold resistance and carrying a wand of mindburst (lightly wounded, constricted by you, poisoned, 98% to hit)
The sting hits Ijyb.
Ijyb looks even sicker.
Ijyb is moderately wounded.
You constrict Ijyb, but do no damage. Ijyb hits you with a +0 club.
You die...
Your body crumbles into a pile of gold.

#......# .. +......#
.. #......#########
..
#..!...........####.
#...$...............
#...................
#...................
#...................
#.g@...........)....
#####+#########.....
#..... #..... #.....
#..... #..... #.....
#.....


You could see Ijyb (very poisoned).

Vanquished Creatures
  A bombardier beetle (D:3)
  A sleepcap (D:3)
  An adder (D:2)
  3 dart slugs
  A ribbon worm (D:2)
  5 ball pythons
  3 bats
  4 endoplasms
  3 giant cockroaches
  2 hobgoblins
  4 jackals (D:3)
  2 frilled lizards
  2 goblins
  3 kobolds
  2 rats
37 creatures vanquished.

Notes
Turn   | Place    | Note
-------+----------+-------------------------------------------
     0 | D:1      | Flugslaktarn the Octopode Alchemist began the quest for the
                  | Orb.
     0 | D:1      | Reached XP level 1. HP: 11/11 MP: 3/3
    38 | D:1      | Found a faded altar of an unknown god.
    55 | D:1      | Prayed at the altar of an unknown god.
    55 | D:1      | Became a worshipper of Gozag Ym Sagoz the Greedy
   105 | D:1      | Reached XP level 2. HP: 17/17 MP: 3/5
   149 | D:2      | Reached skill level 4 in Alchemy
   250 | D:3      | Found a sparkling altar of Nemelex Xobeh.
   276 | D:3      | Reached XP level 3. HP: 21/21 MP: 2/6
   335 | D:3      | Reached XP level 4. HP: 18/27 MP: 3/8
   369 | D:2      | Reached skill level 5 in Alchemy
   858 | D:4      | Learned a level 4 spell: Olgreb's Toxic Radiance
   863 | D:4      | Learned a level 4 spell: Sticky Flame
   866 | D:4      | Noticed Ijyb
   897 | D:4      | Slain by Ijyb

Illustrated notes

Levels and vault maps discovered:
D:1:      dpeg_arrival_tiny_a, layout_loops_cross, shapermc_ecumenical_altar_gd,
          serial_shops, shop
D:2:      layout_loops_corners, grunt_decor_one_mirror, minmay_heptomino_o4
D:3:      layout_loops_ring, lemuel_doored_altar,
          mainiacjoe_overflow_surrounded_room, serial_rivers,
          chequers_serial_rivers_micro_d, chequers_serial_rivers_small_3,
          chequers_serial_rivers_micro_e, chequers_serial_rivers_small_a,
          chequers_serial_rivers_micro_e, chequers_serial_rivers_room_a
D:4:      layout_gridville, minmay_temple_entry_glassed_door, uniq_ijyb

Skill      XL: |  1  2  3  4 |
---------------+-------------+-----
Alchemy        | 4 5 |  5.2
Spellcasting   | 3 |  3.0
Dodging        | |  2.0
Stealth        | |  2.6
Conjurations   | |  1.0

Action                     |  1- 3 |  4- 6 || total
---------------------------+-------+-------++-------
  Melee: Unarmed           |    28 |       ||    28
         Constrict         |    11 |     5 ||    16
         Tentacles         |    10 |     4 ||    14
         Punch             |     2 |       ||     2
         Whip              |       |    14 ||    14
   Cast: Sting             |    22 |    23 ||    45
    Use: Scroll            |       |     6 ||     6
   Stab: Sleeping          |     1 |       ||     1
 Armour: Skin              |     9 |     8 ||    17
  Dodge: Dodged            |    20 |    14 ||    34

Table legend: (Time is in decaauts)
 A = Elapsed time spent in this place.
 B = Non-inter-level travel time spent in this place.
 C = Inter-level travel time spent in this place.
 D = Time resting spent in this place.
 E = Time spent auto-exploring this place.
 F = Levels seen in this place.
 G = Mean time per level.
                   A        B        C        D        E       F      G
               +--------+--------+--------+--------+--------+-----+--------+
         Total |    897 |    823 |     74 |      0 |    136 |   4 |  224.2 |
       Dungeon |    897 |    823 |     74 |      0 |    136 |   4 |  224.2 |
               +--------+--------+--------+--------+--------+-----+--------+

Top non-repeatable levels by time:
     D:2: 362 daAuts
     D:3: 333 daAuts
     D:1: 131 daAuts
     D:4: 71 daAuts
